 Dungeon Crawl Stone Soup version 0.29-a0-962-gc8bbfd0a37 (webtiles) character file.

Game seed: 8274969831038338849

12693 Pooter the Skirmisher (level 11, -5/97 HPs)
             Began as a Minotaur Berserker on July 31, 2022.
             Was a Priest of Trog.
             Slain by a yak (11 damage)
             ... on level 1 of the Lair of Beasts.
             The game lasted 01:05:27 (12538 turns).

Pooter the Skirmisher (Minotaur Berserker)         Turns: 12538, Time: 01:05:28

Health: -5/97      AC: 13    Str: 33    XL:     11   Next: 65%
Magic:  10/10      EV:  8    Int:  6    God:    Trog [***...]
Gold:   932        SH: 19    Dex: 22    Spells: 10/10 levels left

rFire   + . .      SeeInvis .   a - +3 morningstar
rCold   . . .      Faith    .   h - +2 tower shield
rNeg    + . .      Spirit   .   i - +1 scale mail "Deomnire" {Rampage rPois rF+ Str+4}
rPois   +          Reflect  .   Z - +0 hat
rElec   .          Harm     .   q - +2 cloak
rCorr   .          Rampage  +   (no gloves)
Will    .....                   s - +2 pair of boots of the Illusory Eyes {rN+ Dex+5 Slay+5}
Stlth   ..........              (no amulet)
HPRegen 0.26/turn               l - +6 ring of strength
MPRegen 0.12/turn               P - +6 ring of dexterity

@: slowed, studying Ranged Weapons, very slow
A: horns 2, retaliatory headbutt
a: Renounce Religion, Berserk, Trog's Hand


You were on level 1 of the Lair of Beasts.
You worshipped Trog.
Trog was most pleased with you.
You visited 3 branches of the dungeon, and saw 13 of its levels.

You collected 971 gold pieces.
You spent 39 gold pieces at shops.

Inventory:

Hand Weapons
 a - a +3 morningstar (weapon)
   (You took it off an orc on level 8 of the Dungeon)
 b - a +0 sling
   (You found it on level 1 of the Dungeon)
 I - a +0 war axe
   (You took it off an orc on level 7 of the Dungeon)
 R - a +2 whip of flaming
   (You took it off a gnoll on level 8 of the Dungeon)
 T - a +1 antimagic morningstar
   (You took it off an orc on level 2 of the Dungeon)
Missiles
 r - 11 atropa-tipped darts
 y - 7 boomerangs (quivered)
 A - a throwing net {!f}
 C - 12 poisoned darts
 G - a curare-tipped dart
 Q - 164 stones
Armour
 h - a +2 tower shield (worn)
   (You found it on level 1 of the Dungeon)
 i - the +1 scale mail "Deomnire" (worn) {Rampage rPois rF+ Str+4}
   (You found it on level 3 of the Dungeon)

   Str:       It affects your strength (+4).
   rF:        It protects you from fire.
   rPois:     It protects you from poison.
   Rampage:   It bestows one free step when moving towards enemies.
 p - an orb of mayhem
   (You found it on level 2 of the Dungeon)
 q - a +2 cloak (worn)
   (You found it on level 2 of the Dungeon)
 s - the +2 pair of boots of the Illusory Eyes (worn) {rN+ Dex+5 Slay+5}
   (You found it on level 2 of the Dungeon)

   Dex:       It affects your dexterity (+5).
   Slay:      It affects your accuracy & damage with ranged weapons and melee
   (+5).
   rN:        It protects you from negative energy.
 U - a +0 plate armour of cold resistance
   (You took it off an orc warrior on level 8 of the Dungeon)
 Z - a +0 hat (worn)
   (You found it on level 9 of the Dungeon)
Jewellery
 l - a +6 ring of strength (left hand)
   (You found it on level 7 of the Dungeon)
 N - a ring of positive energy
   (You found it on level 4 of the Dungeon)
 P - a +6 ring of dexterity (right hand)
   (You found it on level 1 of the Lair of Beasts)
 S - a ring of see invisible
   (You found it on level 4 of the Dungeon)
 X - a ring of willpower
   (You found it on level 2 of the Dungeon)
Wands
 d - a wand of iceblast (1)
   (You found it on level 9 of the Dungeon)
 f - a wand of flame (8)
   (You found it on level 9 of the Dungeon)
 u - a wand of paralysis (4)
   (You found it on level 9 of the Dungeon)
 x - a wand of acid (4)
   (You found it on level 9 of the Dungeon)
Scrolls
 e - 7 scrolls of poison
 j - 4 scrolls of butterflies
 k - a scroll of brand weapon {unknown}
 n - 2 scrolls of enchant armour
 t - 5 scrolls of teleportation {@r4}
 w - 2 scrolls of noise {unknown}
 z - 2 scrolls of magic mapping
 D - 2 scrolls of fear
 F - a scroll of immolation {!r}
 H - 3 scrolls of torment {!r}
 M - a scroll of vulnerability {!r}
 V - a scroll of blinking {unknown}
 W - a scroll of summoning {unknown}
Potions
 c - 4 potions of heal wounds {@q2}
 g - a potion of brilliance {unknown}
 m - a potion of might {unknown}
 o - a potion of lignification {unknown}
 v - 2 potions of invisibility {unknown}
 B - 2 potions of mutation {unknown}
 E - 2 potions of degeneration {unknown}
 J - 2 potions of attraction {unknown}
 K - 7 potions of curing {@q1}
 L - a potion of flight {unknown}
 O - a potion of resistance {unknown}
 Y - a potion of magic {unknown}


   Skills:
 + Level 9.6 Fighting
 - Level 9.1(11.7) Axes
 * Level 11.7(13.0) Maces & Flails
 + Level 13.5 Ranged Weapons
 - Level 2.4 Armour
 - Level 2.1 Dodging
 - Level 7.5 Shields
 + Level 3.9 Evocations


You had 10 spell levels left.
You didn't know any spells.
Your spell library was empty.

Dungeon Overview and Level Annotations

Branches:
Dungeon (10/15)            Temple (0/1) D:7            Lair (1/5) D:10
    Orc (2/2) D:9             Elf (0/3) Orc:2

Altars:
Ashenzari
Dithmenos
Gozag
Hepliaklqana
Okawaru
Qazlal
Uskayaw
Vehumet
Xom
Zin

Shops:
D:2 (   D:6 :

Annotations:
D:6 3 runed translucent doors, kd29's ghost, novice MfSu
D:7 3 runed translucent doors, kevlar127's ghost, novice TrBe
Lair:1 Gastronok


Innate Abilities, Weirdness & Mutations

You have a pair of horns on your head.
You reflexively headbutt those who attack you in melee.


Message History

Trog accepts your kill.
You start resting.
A bullfrog comes into view.
You rampage towards the bullfrog!
You rampage towards the bullfrog!
You hit the bullfrog. Your headbutt misses the bullfrog. The bullfrog hits you.
You block the bullfrog's attack.
You bludgeon the bullfrog!! You block the bullfrog's attack. x2
You miss the bullfrog. You headbutt the bullfrog.
You kill the bullfrog!
Trog accepts your kill.
A bullfrog comes into view.
The bullfrog moves out of view.
Found 6 stones.
Found 33 stones.
A blink frog comes into view.
You rampage towards the blink frog! 3 blink frogs, a torpor snail, 3 dream sheep and a yak come into view.
Found an encrusted sapphire ring.
The blink frog gives a loud, deep croak!
The blink frog croaks.
The blink frog gives a loud, deep croak!
The dream sheep bleats! x2; The yak bellows!
You hear a horrible gurgling sound!
You hear a bellow! x2; You hear a croak.
You hear a bellow!
The dream sheep shake their wool and sparkle.
You feel drowsy...
You fall asleep.
The blink frog blinks!
The blink frog moves out of view.
Being near the torpor snail leaves you feeling lethargic.
Gastronok the Ponderous comes into view.
A yak comes into view.
The blink frog hits you!!!
You wake up.
You block the blink frog's attack.
You hear a bellow! x2; You hear an angry hiss.
You are too injured to fight recklessly!
You are too injured to fight recklessly!
You bludgeon the fungus!!
The fungus begins to die.
You headbutt the fungus!
The blink frog blinks!
You block the blink frog's attack.
A yak comes into view.
You block the blink frog's attack.
You impale the fungus!! You block the blink frog's attack. x2
A yak comes into view.
You block the yak's attack.
A yak comes into view. x2
The dream sheep shake their wool and sparkle.
You feel drowsy...
You fall asleep.
The blink frog hits you!!!
You wake up.
* * * LOW HITPOINT WARNING * * *
The blink frog hits you!
* * * LOW HITPOINT WARNING * * *
The yak gores you!
You die...

#..####...P# #. .....
#.........####. .....
#..##.#........ .....#
#..####........
....§.####..# #........
......(.##..## #..####..
.....F....... #.†# ##.
.....(FF.#..# #..# #.
..w.(YP@.#..# #..# #.
..Y..wYY.#..# #..# #.
.Y...Y..(...# #..# #.
.Y..Y...##..# #..# #.
Y....#####..# #..# #.
..... #...# #..## #.
......###...####..P####.
...=....................
###.########.#.#.###


You could see Gastronok, a torpor snail, 6 yaks, 3 blink frogs and 3 dream
sheep.

Vanquished Creatures
  A two-headed ogre (D:9)
  An orc high priest (Orc:1)
  A deep elf pyromancer (D:9)
  A deep elf zephyrmancer (D:10)
  An ugly thing (D:9)
  2 cane toads (Lair:1)
  A komodo dragon (Lair:1)
  4 trolls
  A hornet (D:10)
  4 blink frogs (Lair:1)
  A merfolk (D:10)
  Prince Ribbit (D:5)
  A spriggan (D:10)
  A wyvern (D:10)
  4 yaks (D:10)
  2 steam dragons
  2 wargs
  4 water moccasins
  Duvessa (D:5)
  7 orc warriors
  A sky beast (D:7)
  A black bear (D:6)
  3 ice beasts (D:5)
  6 ogres
  4 centaurs
  A kobold brigand (D:6)
  6 phantoms
  2 necrophages
  7 bullfrogs
  A gnoll sergeant (D:8)
  4 scorpions
  Dowan (D:5)
  12 killer bees
  7 howler monkeys
  12 orc priests
  2 hounds
  3 iguanas
  3 jellies
  A gnoll bouda (D:5)
  Terence (D:2)
  10 orc wizards
  13 gnolls
  8 adders
  3 shadow imps
  2 worms (D:4)
  3 dart slugs
  55 orcs
  3 ball pythons
  5 bats
  8 endoplasms
  3 giant cockroaches
  11 goblins
  7 hobgoblins
  16 kobolds
  4 quokkas
  4 frilled lizards
  4 rats (D:2)
278 creatures vanquished.

Vanquished Creatures (collateral kills)
  An orc wizard (Orc:1)
  3 orcs
4 creatures vanquished.

Vanquished Creatures (others)
  An orc (D:10)
  7 fungi (Lair:1)
  8 plants (Lair:1)
16 creatures vanquished.

Grand Total: 298 creatures vanquished

Notes
Turn   | Place    | Note
-------+----------+-------------------------------------------
     0 | D:1      | Pooter the Minotaur Berserker began the quest for the Orb.
     0 | D:1      | Reached XP level 1. HP: 19/19 MP: 0/0
   112 | D:1      | Reached XP level 2. HP: 11/27 MP: 1/1
   501 | D:1      | Reached skill level 1 in Ranged Weapons
   712 | D:1      | Reached XP level 3. HP: 33/33 MP: 2/2
   984 | D:2      | Identified the +2 pair of boots of the Illusory Eyes {rN+
                  | Dex+5 Slay+5}
  1025 | D:2      | Reached ** piety under Trog
  1083 | D:2      | Noticed Terence
  1090 | D:2      | Killed Terence
  1091 | D:2      | Reached skill level 1 in Shields
  1091 | D:2      | Reached XP level 4. HP: 40/40 MP: 3/3
  1216 | D:2      | Reached skill level 5 in Axes
  1231 | D:2      | Reached skill level 2 in Ranged Weapons
  1504 | D:2      | Found Etoen's Weapon Emporium.
  1562 | D:2      | Bought 6 atropa-tipped darts for 39 gold pieces
  1754 | D:3      | Reached XP level 5. HP: 47/47 MP: 4/4
  1844 | D:3      | Found a faded altar of an unknown god.
  2029 | D:3      | Reached skill level 1 in Maces & Flails
  2077 | D:3      | Identified the +1 scale mail "Deomnire" {Rampage rPois rF+
                  | Str+4}
  2357 | D:4      | Reached skill level 3 in Ranged Weapons
  2469 | D:4      | Reached XP level 6. HP: 55/55 MP: 1/5
  2833 | D:4      | Found a shadowy altar of Dithmenos.
  2888 | D:4      | Reached skill level 5 in Fighting
  3451 | D:4      | Found an iron altar of Okawaru.
  3597 | D:5      | Entered Level 5 of the Dungeon
  3651 | D:5      | Reached skill level 4 in Ranged Weapons
  3651 | D:5      | Reached XP level 7. HP: 51/61 MP: 2/6
  3735 | D:5      | Noticed Duvessa
  3735 | D:5      | Noticed Dowan
  3745 | D:5      | Killed Duvessa
  3746 | D:5      | Killed Dowan
  3759 | D:5      | Reached *** piety under Trog
  3820 | D:5      | Reached skill level 5 in Ranged Weapons
  3851 | D:5      | Reached XP level 8. HP: 61/70 MP: 2/7
  4218 | D:5      | Reached skill level 5 in Maces & Flails
  4869 | D:5      | Reached skill level 6 in Ranged Weapons
  4980 | D:5      | Identified a scroll of acquirement
  4981 | D:5      | Acquired a manual of Ranged Weapons
  5657 | D:6      | Found a runed translucent gate.
  5657 | D:6      | Found a runed translucent gate.
  5658 | D:6      | Found a runed translucent gate.
  5665 | D:6      | Noticed Prince Ribbit
  5682 | D:5      | Reached skill level 7 in Ranged Weapons
  5909 | D:5      | Killed Prince Ribbit
  5910 | D:5      | Reached XP level 9. HP: 78/78 MP: 2/8
  6058 | D:6      | Reached skill level 5 in Shields
  6106 | D:6      | Found an opulent altar of Gozag.
  6130 | D:6      | Noticed kd29's ghost (novice MfSu)
  6130 | D:6      | Noticed a gargoyle
  6141 | D:6      | Found Jauliagu's Book Shoppe.
  6261 | D:6      | Reached skill level 8 in Ranged Weapons
  6357 | D:6      | Found a hide-covered altar of Uskayaw.
  6894 | D:7      | Found a staircase to the Ecumenical Temple.
  6924 | D:7      | Noticed a troll
  6930 | D:7      | Killed a troll
  6931 | D:7      | Reached skill level 9 in Ranged Weapons
  7231 | D:7      | Found a shimmering altar of Xom.
  7678 | D:7      | Found a runed translucent gate.
  7678 | D:7      | Found a runed translucent gate.
  7678 | D:7      | Found a runed translucent gate.
  7679 | D:7      | Noticed kevlar127's ghost (novice TrBe)
  7934 | D:8      | Reached skill level 10 in Ranged Weapons
  7976 | D:8      | Reached XP level 10. HP: 84/88 MP: 3/9
  8321 | D:8      | Reached **** piety under Trog
  8809 | D:9      | Found a staircase to the Orcish Mines.
  8818 | Orc:1    | Entered Level 1 of the Orcish Mines
  9062 | Orc:1    | Noticed an orc high priest
  9090 | Orc:1    | Reached skill level 11 in Ranged Weapons
  9090 | Orc:1    | Reached skill level 1 in Evocations
  9090 | Orc:1    | Killed an orc high priest
  9422 | Orc:2    | Entered Level 2 of the Orcish Mines
  9422 | Orc:2    | Found a staircase to the Elven Halls.
  9587 | Orc:2    | Noticed a cyclops
 10177 | D:9      | Reached skill level 10 in Maces & Flails
 10297 | D:9      | Reached skill level 12 in Ranged Weapons
 10334 | D:9      | Noticed a deep elf pyromancer
 10335 | D:9      | Noticed a white ugly thing
 10335 | D:9      | Noticed a two-headed ogre
 10339 | D:9      | Killed a deep elf pyromancer
 10345 | D:9      | Killed a white ugly thing
 10346 | D:9      | Reached XP level 11. HP: 95/95 MP: 3/10
 10348 | D:9      | Killed a two-headed ogre
 10458 | D:9      | Found a glowing silver altar of Zin.
 10933 | D:10     | Entered Level 10 of the Dungeon
 10981 | D:10     | Found a staircase to the Lair.
 11407 | D:10     | Found a hazy altar of Hepliaklqana.
 11596 | D:10     | Noticed a deep elf zephyrmancer
 11598 | D:10     | Reached skill level 13 in Ranged Weapons
 11600 | D:10     | Killed a deep elf zephyrmancer
 11736 | D:10     | Found a radiant altar of Vehumet.
 11736 | D:10     | Found a broken altar of Ashenzari.
 11867 | D:10     | Found a stormy altar of Qazlal.
 12025 | Lair:1   | Entered Level 1 of the Lair of Beasts
 12112 | Lair:1   | HP: 5/145 [blink frog (3)]
 12534 | Lair:1   | Noticed Gastronok
 12538 | Lair:1   | Slain by a yak

Illustrated notes

Levels and vault maps discovered:
D:1:      nagdon_arrival_zigzag_paths, layout_basic, chequers_arboretum,
          nicolae_concentric_dashed_squares_wild, minmay_misc_feat_square,
          patterned_corridor
D:2:      layout_rooms, serial_shops, shop_fountains, uniq_terence
D:3:      layout_loops_ring, hellmonk_ecumenical_altar_run_dry,
          amcnicky_mini_rare_corridor_liquid
D:4:      cheibrodos_barr_body, layout_loops_corners,
          nicolae_dithmenos_the_darkroom, okawaru_altar_gauntlet_db,
          kennysheep_dice
D:5:      layout_layer_cave, uniq_duvessa
D:6:      layout_rooms, kennysheep_little_box, serial_shops,
          nicolae_shop_waterfront, ebering_ghost_gozag, uniq_prince_ribbit1
D:7:      layout_basic, mainiacjoe_overflow_small_starburst,
          minmay_temple_entry_butterflies, gammafunk_ghost_necromancy
D:8:      layout_loops_ring
D:9:      layout_stronghold, mainiacjoe_overflow_24_doors, orc_0_dummy,
          minmay_bent
D:10:     layout_small_grid, gammafunk_temple_overflow_elements,
          grunt_qazlal_sundering, mainiacjoe_overflow_alcove_2,
          lair_entry_dummy, hangedman_stone_soup
Lair:1:   layout_long_grid, grunt_megastairs_4, lemuel_fruit_tree, uniq_grum,
          uniq_gastronok, uniq_harold
Orc:1:    layout_caves, mines1_david
Orc:2:    pf_orc_diabolical, layout_caves

Skill      XL: |  1  2  3  4  5  6  7  8  9 10 11 |
---------------+----------------------------------+-----
Axes           | 4 5 6 7 8 9 |  9.1
Fighting       | 4 5 6 7 8 9 |  9.6
Ranged Weapons | 1 2 3 4 5 7 10 12 13 | 13.5
Shields        | 1 2 3 4 6 7 |  7.5
Maces & Flails | 2 3 4 6 8 10 11 | 11.7
Evocations     | 2 3 |  3.9
Armour         | |  2.4
Dodging        | |  2.1

Action                   |  1- 3 |  4- 6 |  7- 9 | 10-12 || total
-------------------------+-------+-------+-------+-------++-------
Melee: Hand axe          |    44 |     9 |       |       ||    53
       Headbutt          |     6 |     6 |    30 |    43 ||    85
       Morningstar       |       |    44 |   161 |   203 ||   408
 Fire: Sling             |    56 |    71 |    85 |     8 ||   220
Throw: Stone             |     3 |       |       |       ||     3
       Dart              |       |       |    12 |     2 ||    14
       Boomerang         |       |       |     4 |    24 ||    28
Invok: Berserk           |     3 |     1 |     7 |     6 ||    17
       Trog's Hand       |       |     3 |     6 |    11 ||    20
Evoke: Wand              |       |       |       |     5 ||     5
  Use: Scroll            |       |     6 |     5 |     8 ||    19
       Potion            |       |       |     1 |       ||     1
 Stab: Sleeping          |     1 |       |       |       ||     1
       Paralysed         |       |       |       |     3 ||     3
Armor: Animal skin       |    19 |       |       |       ||    19
       Scale mail        |       |    34 |    57 |    72 ||   163
Dodge: Dodged            |    31 |    22 |    55 |    74 ||   182
Block: Tower shield      |     8 |    38 |   115 |   187 ||   348

Table legend: (Time is in decaauts)
 A = Elapsed time spent in this place.
 B = Non-inter-level travel time spent in this place.
 C = Inter-level travel time spent in this place.
 D = Time resting spent in this place.
 E = Time spent auto-exploring this place.
 F = Levels seen in this place.
 G = Mean time per level.
                   A        B        C        D        E       F      G
               +--------+--------+--------+--------+--------+-----+--------+
         Total |  12934 |  12676 |    258 |   2239 |   8103 |  13 |  994.9 |
       Dungeon |  11684 |  11426 |    258 |   1591 |   7819 |  10 | 1168.4 |
          Lair |    521 |    521 |      0 |    340 |    108 |   1 |  521.0 |
  Orcish Mines |    729 |    729 |      0 |    308 |    176 |   2 |  364.5 |
               +--------+--------+--------+--------+--------+-----+--------+

Top non-repeatable levels by time:
     D:5: 2456 daAuts
     D:9: 1481 daAuts
     D:4: 1334 daAuts
     D:7: 1128 daAuts
    D:10: 1109 daAuts
     D:1: 1000 daAuts
     D:8: 930 daAuts
     D:6: 843 daAuts
     D:2: 730 daAuts
     D:3: 669 daAuts
   Orc:1: 666 daAuts
  Lair:1: 521 daAuts
   Orc:2: 63 daAuts
